 Dungeon Crawl Stone Soup version 0.31-a0-1204-ge2c1a860ed (webtiles) character file.

Game seed: 14661630292351143251

783 olourkin the Trooper (level 7, 0/56 HPs)
             Began as a Demonspawn Gladiator on Dec 13, 2023.
             Was a Follower of Okawaru.
             Slain by a kobold brigand
             ... wielding a +0 whip
              (2 damage)
             ... in a sewer.
             The game lasted 00:14:46 (4572 turns).

olourkin the Trooper (Demonspawn Gladiator)         Turns: 4572, Time: 00:14:47

Health: 0/56       AC: 15    Str: 15    XL:     7   Next: 55%
Magic:  5/7        EV: 15    Int: 10    God:    Okawaru [*.....]
Gold:   187        SH:  0    Dex: 20    Spells: 5/6 levels left

rFire   + . .        s - +2 short sword (drain)
rCold   + . .        (no shield)
rNeg    . . .        b - +0 scale mail
rPois   +            (helmet restricted)
rElec   +            w - +0 cloak
rCorr   +            (no gloves)
SInv    .            (no boots)
Will    .....        (no amulet)
Stlth   +            A - +4 ring of protection
HPRegen 0.29/turn    F - +6 ring of dexterity
MPRegen 0.20/turn

%: no passive effects
@: brilliant, resistant, heroic, very slow
A: horns 2, molten scales 1, magic regeneration
a: Renounce Religion, Heroism


You were in a sewer.
You worshipped Okawaru.
Okawaru was aware of your devotion.
You visited 2 branches of the dungeon, and saw 6 of its levels.
You also visited: Sewer.

You collected 187 gold pieces.

Inventory:

Hand Weapons
 a - a +0 war axe
 k - a +2 short sword of flaming
 r - a +1 antimagic dagger
 s - a +2 short sword of draining (weapon)
 H - a +0 orcbow of flaming
Missiles
 d - 3 throwing nets
 e - a javelin
 o - 53 stones
 q - 23 poisoned darts
 y - 7 boomerangs (quivered)
Armour
 b - a +0 scale mail (worn)
 l - a +0 ring mail
 w - a +0 cloak (worn)
Jewellery
 A - a +4 ring of protection (left hand)
 F - a +6 ring of dexterity (right hand)
Wands
 B - a wand of quicksilver (9)
 G - a wand of flame (23)
Scrolls
 c - a scroll of amnesia {unknown}
 f - 2 scrolls of brand weapon {unknown}
 h - a scroll of vulnerability {unknown}
 i - a scroll of acquirement {unknown}
 j - 3 scrolls of identify {unknown}
 m - a scroll of revelation {unknown}
 n - 2 scrolls of enchant weapon {unknown}
 p - 2 scrolls of fog {unknown}
 u - 2 scrolls of summoning {unknown}
 x - a scroll of enchant armour {unknown}
 I - a scroll of teleportation {unknown}
Potions
 g - 2 potions of heal wounds {unknown}
 t - a potion of degeneration {unknown}
 v - 2 potions of mutation {unknown}
 z - 2 potions of curing {unknown}
 C - a potion of resistance
 D - a potion of might {unknown}
 E - a potion of brilliance


   Skills:
 + Level 5.3(10.3) Fighting
 - Level 2.6(7.6) Axes
 - Level 1.7(6.7) Throwing
 + Level 4.2(9.2) Armour
 + Level 5.1(10.1) Dodging


You had 5 spell levels left.
You knew the following spells:

 Your Spells              Type           Power      Damage    Failure   Level
z - Summon Small Mammal   Summ           0%         N/A       75%         1

Your spell library contained the following spells:

 Spells                   Type           Power      Damage    Failure   Level
 Blink                    Tloc           0%         N/A       87%         2
 Frozen Ramparts          Ice            0%         1d1       98%         3
 Manifold Assault         Tloc           0%         N/A       100%        4
 Petrify                  Tmut/Erth      0%         N/A       100%        4
 Metabolic Englaciation   Hex/Ice        0%         N/A       100%        5
 Call Canine Familiar     Summ           Unusable   N/A       N/A         3
 Summon Guardian Golem    Hex/Summ       Unusable   N/A       N/A         3

Dungeon Overview and Level Annotations

Branches:
Dungeon (5/15)             Temple (1/1) D:4           Sewer (1/1)

Altars:
Ashenzari
Cheibriados
Makhleb
Okawaru
Qazlal
Ru
Sif Muna
Trog
Vehumet
Xom
Yredelemnul

Shops:
D:3 [


Innate Abilities, Weirdness & Mutations

You have a pair of horns on your head.
You are partially covered in molten scales. (AC +2)
You regenerate magic rapidly.


Message History

* * * LOW HITPOINT WARNING * * *
The kobold brigand hits you with a +0 club.
* * * LOW HITPOINT WARNING * * *
You closely miss the kobold brigand. The kobold brigand closely misses you.
The kobold brigand hits you but does no damage.
The kobold brigand closely misses you.
The kobold brigand hits you but does no damage.
Your unstable footing causes you to fumble your attack.
The kobold brigand splashes around in the water.
The kobold brigand barely misses you.
Your unstable footing causes you to fumble your attack.
The kobold brigand hits you but does no damage.
The kobold brigand hits you with a +0 whip.
* * * LOW HITPOINT WARNING * * *
The kobold brigand hits you with a +0 club.
* * * LOW HITPOINT WARNING * * *
The kobold brigand hits you but does no damage.
It was a potion of brilliance.
You feel clever all of a sudden.
The kobold brigand completely misses you.
The kobold brigand hits you but does no damage.
It was a potion of resistance.
You feel protected.
You feel yourself speed up.
The kobold brigand hits you but does no damage. x2
The kobold brigand hits you with a +0 club.
* * * LOW HITPOINT WARNING * * *
The kobold brigand hits you but does no damage.
You gain the combat prowess of a mighty hero.
The kobold brigand hits you but does no damage.
The kobold brigand splashes around in the water.
You barely miss the kobold brigand.
Your unstable footing causes you to fumble your attack.
The kobold brigand hits you with a +0 club.
* * * LOW HITPOINT WARNING * * *
The kobold brigand hits you with a +0 whip.
* * * LOW HITPOINT WARNING * * *
Your unstable footing causes you to fumble your attack.
The kobold brigand hits you but does no damage.
The kobold brigand hits you with a +0 whip.
You die...

#.###~# #~~~~~# ##~~~##
#..~# #.~.# ##..~#
##....# ### ###~~~~~#
#####~~~~.
~~~.~..########K@K~~#
~.~~.####~.~~..~###~~~~.
....## #.~..~~..# #######
..~~####..~.~.~~###~~~~.#
....~##~.~.####~~~~)#####
~.~~.~~~..## #####~~~~.#
..~~.~~~.## #######
∩......~~# ...~~.~~.#


You could see 2 kobold brigands.

Vanquished Creatures
  An ogre (D:4)
  2 kobold brigands (Sewer)
  2 hounds
  2 orc priests (D:3)
  2 jellies (D:4)
  A gnoll bouda (D:4)
  Natasha (thrice) (D:4)
  Robin (D:2)
  3 gnolls (D:4)
  9 adders
  A river rat (Sewer)
  6 worms (Sewer)
  3 orcs
  10 ball pythons
  9 endoplasms
  8 giant cockroaches
  18 goblins
  11 hobgoblins
  10 jackals
  6 kobolds
  4 quokkas
  6 bats
  5 frilled lizards
  10 rats
133 creatures vanquished.

Notes
Turn   | Place    | Note
-------+----------+-------------------------------------------
     0 | D:1      | olourkin the Demonspawn Gladiator began the quest for the
                  | Orb.
     0 | D:1      | Reached XP level 1. HP: 16/16 MP: 1/1
   100 | D:1      | You fall into a shaft and drop 1 floor!
   204 | D:2      | Gained mutation: You have a pair of small horns on your
                  | head. [demonic ancestry]
   204 | D:2      | Reached XP level 2. HP: 22/22 MP: 2/2
   315 | D:2      | Reached skill level 1 in Armour
   405 | D:2      | Gained mutation: You are partially covered in molten
                  | scales. (AC +2) [demonic ancestry]
   405 | D:2      | Reached XP level 3. HP: 20/28 MP: 3/3
   519 | D:2      | Noticed Robin
   725 | D:1      | Learned a level 1 spell: Summon Small Mammal
  1025 | D:1      | Gained mutation: You regenerate magic rapidly. [demonic
                  | ancestry]
  1025 | D:1      | Reached XP level 4. HP: 34/34 MP: 4/4
  1943 | D:2      | Found a faded altar of an unknown god.
  1988 | D:2      | Killed Robin
  2279 | D:3      | Reached XP level 5. HP: 41/41 MP: 5/5
  2327 | D:3      | Found Ydinoc's Antique Armour Shoppe.
  2491 | D:3      | Found an iron altar of Okawaru.
  2733 | D:3      | Found a snail-covered altar of Cheibriados.
  3108 | D:4      | Found a burning altar of Makhleb.
  3207 | D:4      | Reached XP level 6. HP: 39/48 MP: 6/6
  3312 | D:4      | Found a staircase to the Ecumenical Temple.
  3337 | Temple   | Entered the Ecumenical Temple
  3395 | D:3      | Became a worshipper of Warmaster Okawaru
  3464 | D:4      | Found a radiant altar of Vehumet.
  3525 | D:4      | Noticed Natasha
  3539 | D:4      | Killed Natasha
  3706 | D:4      | Noticed Natasha
  3714 | D:4      | Killed Natasha
  3806 | D:5      | Entered Level 5 of the Dungeon
  3806 | D:5      | Noticed a water moccasin
  3822 | D:4      | Noticed Natasha
  3828 | D:4      | Killed Natasha
  3829 | D:4      | Gained mutation: You have a pair of horns on your head.
                  | [demonic ancestry]
  3829 | D:4      | Reached XP level 7. HP: 54/55 MP: 7/7
  3901 | D:5      | Reached * piety under Okawaru
  3904 | D:5      | Found a glowing drain.
  3913 | Sewer    | Entered a sewer
  4175 | Sewer    | Reached skill level 5 in Fighting
  4292 | Sewer    | Reached skill level 5 in Dodging
  4571 | Sewer    | HP: 2/56 [kobold brigand/+0 whip (6)]
  4572 | Sewer    | Slain by a kobold brigand

Illustrated notes

Levels and vault maps discovered:
D:1:      denvon_arrival_hothouse, layout_loops_ring, st_stairs_7,
          nicolae_kite_square_tiling_tiny, minivault_19,
          chequers_serial_rivers_marsh
D:2:      layout_basic, shapermc_ecumenical_altar_mp_vishouse, minmay_bisected,
          uniq_robin
D:3:      layout_basic, mainiacjoe_overflow_concentric_impassable,
          jmf_multi_god_temple, serial_shops, nicolae_shop_tiny_waterfront
D:4:      layout_cave_pools, lemuel_coloured_pillars_altar, lemuel_doored_altar,
          minmay_temple_entry_trees, uniq_natasha
D:5:      layout_cave_pools, nicolae_dithmenos_through_a_glass_darkly,
          portal_sewer_entry_d
Temple:   nicolae_temple_ecumenical_triangle
Sewer:    sewer_co_tree

Skill      XL: |  1  2  3  4  5  6  7 |
---------------+----------------------+-----
Armour         | 1 2 3 4 |  4.2
Dodging        | 3 4 5 |  5.1
Fighting       | 3 4 5 |  5.3
Axes           | |  2.6
Throwing       | |  1.7

Action                     |  1- 3 |  4- 6 |  7- 9 || total
---------------------------+-------+-------+-------++-------
  Melee: War axe           |    20 |       |       ||    20
         Short sword       |    94 |   175 |   120 ||   389
         Headbutt          |    10 |    27 |    18 ||    55
         Punch             |       |     1 |     3 ||     4
  Throw: Boomerang         |       |    11 |       ||    11
         Dart              |       |     1 |       ||     1
 Invoke: Heroism           |       |       |     1 ||     1
  Evoke: Wand              |       |     2 |       ||     2
    Use: Potion            |       |       |     2 ||     2
 Armour: Leather armour    |     9 |       |       ||     9
         Ring mail         |    65 |    35 |       ||   100
         Scale mail        |       |    56 |    68 ||   124
  Dodge: Dodged            |    49 |    89 |    58 ||   196

Table legend: (Time is in decaauts)
 A = Elapsed time spent in this place.
 B = Non-inter-level travel time spent in this place.
 C = Inter-level travel time spent in this place.
 D = Time resting spent in this place.
 E = Time spent auto-exploring this place.
 F = Levels seen in this place.
 G = Mean time per level.
                   A        B        C        D        E       F      G
               +--------+--------+--------+--------+--------+-----+--------+
         Total |   4732 |   4459 |    273 |    779 |   2519 |   7 |  676.0 |
       Dungeon |   3929 |   3657 |    272 |    720 |   2042 |   5 |  785.8 |
        Temple |      1 |      0 |      1 |      0 |      0 |   1 |    1.0 |
         Sewer |    801 |    801 |      0 |     59 |    476 |   1 |  801.0 |
               +--------+--------+--------+--------+--------+-----+--------+

Top non-repeatable levels by time:
     D:2: 1109 daAuts
     D:1: 1060 daAuts
     D:3: 877 daAuts
     D:4: 807 daAuts
   Sewer: 801 daAuts
     D:5: 74 daAuts
  Temple: 1 daAuts
